 Dungeon Crawl Stone Soup version 0.26.1-12-g5ba1501909 (webtiles) character file.

Game seed: 17083425829328751944

85 CoveEight the Firebug (level 4, -4/24 HPs)
             Began as a Deep Elf Fire Elementalist on Dec 2, 2021.
             Slain by Crazy Yiuf
             ... wielding a +3 quarterstaff of chaos
              (14 damage)
             ... on level 2 of the Dungeon.
             The game lasted 00:03:39 (2340 turns).

CoveEight the Firebug (Deep Elf Fire Elementalist)  Turns: 2340, Time: 00:03:40

Health: -4/24      AC:  3    Str:  5    XL:     4   Next: 25%
Magic:  12/12      EV: 13    Int: 21    God:
Gold:   84         SH:  0    Dex: 15    Spells: 4/11 levels left

rFire    . . .     SeeInvis .   (no weapon)
rCold    . . .     Faith    .   (no shield)
rNeg     . . .     Spirit   .   a - +0 robe
rPois    .         Reflect  .   (no helmet)
rElec    .         Harm     .   (no cloak)
rCorr    .         Rampage  .   (no gloves)
Will     .....                  f - +0 pair of boots
Stlth    ++........             (no amulet)
HPRegen  0.08/turn              (no ring)
MPRegen  0.13/turn              (no ring)

@: no status effects
A: no striking features
a: no special abilities


You were on level 2 of the Dungeon.
You visited 1 branch of the dungeon, and saw 2 of its levels.

You collected 84 gold pieces.

Inventory:

Armour
 a - a +0 robe (worn)
 f - a +0 pair of boots (worn)
Scrolls
 c - 5 scrolls of remove curse {unknown}
 e - a scroll of teleportation {unknown}
 g - a scroll of enchant weapon {unknown}
 h - 4 scrolls of identify {unknown}
 j - a scroll of magic mapping {unknown}
 k - a scroll of fog {unknown}
Potions
 b - a potion of degeneration {unknown}
 d - a potion of resistance {unknown}
 i - a potion of haste {unknown}
 l - a potion of flight {unknown}


   Skills:
 + Level 3.0 Dodging
 + Level 3.1 Stealth
 * Level 4.0 Spellcasting
 + Level 2.0 Conjurations
 * Level 4.2 Fire Magic


You had 4 spell levels left.
You knew the following spells:

 Your Spells              Type           Power        Failure   Level
a - Foxfire               Conj/Fire      68%          3%          1
b - Conjure Flame         Conj/Fire      17%          10%         3
c - Inner Flame           Hex/Fire       13%          16%         3

Your spell library contained the following spells:

 Spells                   Type           Power        Failure   Level
 Sticky Flame             Conj/Fire      17%          32%         4
 Fireball                 Conj/Fire      8%           67%         5


Dungeon Overview and Level Annotations

Branches:
Dungeon (2/15)

Altars:

Annotations:
D:2 Crazy Yiuf


Message History

Crazy Yiuf screams, "Whiteboard rumpyflump head!"
Crazy Yiuf screams, "Rot tea sanguine!"
You feel a little less agile now.
Crazy Yiuf laughs, "Ghoul meccalolo rumpyflump!"
There is a stone staircase leading down here.
A goblin comes into view.
Crazy Yiuf whimpers, "Gum green wrapper!"
Crazy Yiuf says, "Adder return to song dark!"
Crazy Yiuf yells, "Liver!"
Crazy Yiuf grits, "Line bush childish!"
You see here 7 sling bullets.
Crazy Yiuf says, "Cholesterol!"
The goblin shouts!
Crazy Yiuf says, "Trifle Xom forty-two!"
Crazy Yiuf cries, "You leg down broken song, no?"
Crazy Yiuf grits, "Prologue down sow!"
There is an open door here.
Crazy Yiuf hits you with a +3 quarterstaff of chaos!
Ouch! That really hurt!
You die...

..............###......# ##.#.#.
#.#######)###.# #......# #...#.
#...........#.# #.##.### ##..#.
#...........#.###.##.# #..#.
#...........#.....##.# #..#.
#...........##.).....# #..#.
............##.####### #.>##
#.#######.####.##.# ########...
..#### #.......@.### #........##
#....########.#..g..# #..........
#.............#.....# #....g..#..
..........(...#.....# #.......#.#
##............#.....###..[....#.#
#............#.....'.........#.#
#............#.....###.#######.#
#............####### #.# #.#
####.########.# #.# #.#


You could see Crazy Yiuf.

Vanquished Creatures
  4 adders (D:2)
  2 dart slugs
  A leopard gecko (D:2)
  4 bats (D:1)
  3 giant cockroaches
  5 goblins
  6 hobgoblins
  2 jackals (D:2)
  4 kobolds
  A quokka (D:2)
  3 frilled lizards
  9 rats
44 creatures vanquished.

Vanquished Creatures (others)
  136 foxfires
136 creatures vanquished.

Grand Total: 180 creatures vanquished

Notes
Turn   | Place    | Note
-------+----------+-------------------------------------------
     0 | D:1      | CoveEight the Deep Elf Fire Elementalist began the quest
                  | for the Orb.
     0 | D:1      | Reached XP level 1. HP: 10/10 MP: 6/6
   177 | D:1      | Reached XP level 2. HP: 15/15 MP: 4/8
   604 | D:1      | You fall into a shaft and drop 1 floor!
   671 | D:2      | Reached XP level 3. HP: 19/19 MP: 7/10
   675 | D:2      | Learned a level 3 spell: Conjure Flame
   679 | D:2      | Learned a level 3 spell: Inner Flame
   706 | D:2      | Found a runed translucent door.
   707 | D:2      | Noticed Crazy Yiuf
  1251 | D:2      | Reached XP level 4. HP: 24/24 MP: 6/11
  2340 | D:2      | Slain by Crazy Yiuf

Illustrated notes

Levels and vault maps discovered:
D:1:      grunt_arrival_crossed_arrows, layout_rooms,
          minmay_misc_feat_four_crosses
D:2:      layout_basic, uniq_crazy_yiuf_cottage

Skill      XL: |  1  2  3  4 |
---------------+-------------+-----
Fire Magic     | 4 |  4.2
Stealth        | 3 |  3.1
Spellcasting   | 4 |  4.0
Conjurations   | 2 |  2.0
Dodging        | 3 |  3.0

Action                   |  1- 3 |  4- 6 || total
-------------------------+-------+-------++-------
 Cast: Foxfire           |    59 |    27 ||    86
Armor: Robe              |     3 |     3 ||     6
Dodge: Dodged            |    11 |    15 ||    26
